Map: Torres Crepusculares

Players

TheZergLord - Winner!

  • Race: Zerg Zerg
  • League: Master

ToP

  • Race: Protoss Protoss
  • League: Master

VOD

Have the link to the VOD?

Description

Time

  • Played on: May 5, 2016, 12:14 p.m.
  • Length: 14:01
Show
View Real Time Build Order
Export as new Build Order

TheZergLord Zerg - Winner!

Build Orders: Hatch First 

Get SALT Encoding   

  12  0:01  Drone  
  13  0:12  Overlord  
  13  0:17  Drone  
  14  0:31  Drone x2  
  14  0:34  Drone  
  17  0:52  Hatchery  
  17  0:54  Drone  
  17  0:58  Drone  
  18  1:09  Extractor  
  17  1:13  Spawning Pool  
  17  1:16  Drone  
  17  1:20  Drone  
  18  1:29  Drone  
  19  1:40  Drone  
  20  1:48  Hatchery  
  19  2:00  Zergling x2  
  20  2:04  Queen  
  20  2:05  Drone  
  23  2:12  Metabolic Boost  
  23  2:16  Drone  
  23  2:18  Drone  
  25  2:26  Overlord  
  25  2:28  Drone  
  26  2:31  Drone  
  26  2:35  Drone  
  28  2:44  Queen  
  28  2:46  Drone  
  28  2:48  Drone  
  32  2:53  Pneumatized Carapace  
  32  3:00  Drone  
  32  3:01  Drone  
  32  3:04  Queen  
  36  3:09  Overlord  
  36  3:12  Drone  
  37  3:16  Drone x2  
  39  3:21  Drone x2  
  39  3:24  Drone  
  41  3:29  Drone x3  
  44  3:38  Overlord  
  44  3:39  Drone x2  
  46  3:44  Zergling x6  
  49  3:54  Extractor, Drone  
  49  3:55  Extractor, Drone  
  51  4:04  Evolution Chamber  
  51  4:05  Baneling Nest  
  49  4:11  Overlord  
  49  4:12  Zergling x8  
  49  4:14  Drone x5  
  58  4:18  Extractor  
  58  4:21  Drone  
  57  4:37  Zerg Melee Weapons Level 1  
  57  4:39  Drone x3  
  57  4:40  Drone  
  57  4:44  Drone x2  
  57  4:45  Drone x2  
  65  4:52  Overlord  
  65  5:04  Baneling x4  
  65  5:06  Hatchery  
  64  5:07  Drone  
  64  5:09  Lair  
  64  5:12  Drone  
  64  5:13  Drone  
  67  5:15  Overlord  
  67  5:18  Zergling x12  
  73  5:28  Baneling x4  
  73  5:29  Baneling x3  
  73  5:32  Overlord x3  
  73  5:39  Overlord x3  
  68  6:07  Queen  
  66  6:18  Drone x12  
  66  6:19  Drone x6  
  76  6:29  Queen  
  76  6:31  Drone x3  
  76  6:32  Drone x2  
  82  6:34  Zerg Melee Weapons Level 2  
  82  6:35  Extractor  
  82  6:36  Centrifical Hooks  
  82  6:39  Evolution Chamber  
  80  6:40  Extractor x2  
  80  6:42  Drone  
  80  6:43  Zergling x6, Extractor  
  81  6:55  Drone x4  
  81  6:57  Infestation Pit  
  84  7:09  Zergling x8  
  84  7:11  Baneling x3  
  88  7:15  Zergling x2  
  88  7:16  Zergling x14  
  96  7:26  Zerg Ground Armor Level 1  
  95  7:34  Hatchery, Zergling x4  
  95  7:35  Zergling x14  
  103  7:39  Hive  
  103  7:40  Spire  
  103  7:42  Drone x2  
  103  7:43  Drone  
  105  7:46  Extractor  
  105  7:47  Extractor  
  105  7:49  Zergling x2  
  105  7:50  Zergling x14  
  107  8:07  Drone  
  107  8:08  Drone x9  
  117  8:18  Spore Crawler  
  116  8:20  Overlord x4  
  116  8:21  Overlord x3  
  113  8:41  Zergling x2  
  113  8:42  Zergling x14  
  113  8:44  Baneling x3  
  113  8:45  Baneling x7  
  119  8:52  Queen  
  119  8:54  Adrenal Glands, Greater Spire  
  120  9:02  Zergling x20  
  118  9:03  Zergling x14  
  118  9:07  Baneling  
  118  9:08  Zergling x2, Baneling x12  
  118  9:09  Zergling x4  
  120  9:11  Queen x2  
  120  9:12  Queen  
  128  9:17  Zergling x10  
  128  9:18  Zergling x2  
  128  9:22  Zergling x8  
  128  9:23  Zergling x12  
  139  9:34  Corruptor x3  
  139  9:35  Corruptor x3  
  139  9:37  Corruptor  
  139  9:38  Extractor  
  152  9:39  Corruptor  
  152  9:43  Hatchery  
  153  9:45  Extractor  
  153  9:49  Drone x3  
  153  9:50  Drone x2  
  149  10:02  Drone x3  
  150  10:08  Brood Lord x2  
  150  10:11  Brood Lord x2  
  150  10:13  Brood Lord x2  
  161  10:15  Brood Lord  
  161  10:21  Drone x5  
  167  10:23  Overlord x3  
  165  10:36  Brood Lord  
  158  10:45  Zergling x2  
  158  10:46  Zergling x24  
  170  10:58  Zerg Melee Weapons Level 3, Zerg Ground Armor Level 2  
  170  11:01  Ultralisk Cavern  
  170  11:02  Drone x10  
  179  11:09  Corruptor  
  181  11:12  Overlord x3  
  180  11:41  Spire  
  150  12:13  Chitinous Plating  
  150  12:15  Ultralisk x3  
  168  12:16  Ultralisk x4  
  189  12:36  Ultralisk  
  180  12:54  Corruptor  
  180  12:55  Corruptor x7  
  177  13:16  Ultralisk  
  177  13:17  Ultralisk x2, Zergling x2  
  177  13:18  Zergling x6  
Show
View Real Time Build Order
Export as new Build Order

ToP Protoss 

Build Orders: 1 Gate Expand 

Get SALT Encoding   

  12  0:02  Probe (Chrono Boost)  
  13  0:12  Probe (Chrono Boost)  
  14  0:21  Pylon  
  14  0:24  Probe (Chrono Boost)  
  15  0:39  Probe (Chrono Boost)  
  15  0:41  Gateway  
  17  0:50  Probe (Chrono Boost)  
  17  0:56  Assimilator  
  17  1:00  Probe (Chrono Boost)  
  18  1:11  Probe (Chrono Boost)  
  19  1:21  Probe (Chrono Boost)  
  20  1:29  Nexus  
  20  1:40  Cybernetics Core  
  20  1:42  Probe (Chrono Boost)  
  21  1:48  Assimilator  
  21  1:58  Pylon  
  21  1:59  Probe (Chrono Boost)  
  22  2:09  Probe (Chrono Boost)  
  23  2:18  Warp Gate (Chrono Boost)  
  27  2:23  Mothership Core (Chrono Boost)  
  27  2:39  Adept  
  27  2:41  Probe (Chrono Boost)  
  28  2:46  Twilight Council  
  28  2:56  Probe x2 (Chrono Boost), Gateway  
  30  3:06  Probe x2 (Chrono Boost)  
  32  3:14  Resonating Glaives (Chrono Boost)  
  32  3:17  Probe (Chrono Boost)  
  32  3:19  Probe (Chrono Boost)  
  34  3:20  Gateway  
  34  3:27  Probe  
  34  3:28  Probe  
  36  3:39  Probe  
  37  3:52  Nexus  
  37  3:54  Pylon  
  37  4:01  Probe x2  
  39  4:06  Pylon  
  39  4:13  Probe x2  
  41  4:19  Robotics Facility  
  41  4:20  Adept  
  41  4:21  Adept  
  45  4:24  Adept  
  45  4:25  Probe  
  45  4:28  Probe  
  49  4:37  Probe, Assimilator  
  50  4:39  Blink  
  50  4:40  Probe  
  50  4:41  Assimilator  
  50  4:42  Pylon  
  51  4:48  Forge  
  51  4:49  Probe (Chrono Boost)  
  51  4:51  Adept  
  55  4:53  Probe (Chrono Boost)  
  55  4:58  Adept  
  57  5:02  Adept  
  59  5:09  Probe x2 (Chrono Boost)  
  59  5:10  Probe (Chrono Boost)  
  62  5:19  Probe (Chrono Boost), Stalker  
  65  5:23  Protoss Ground Weapons Level 1 (Chrono Boost)  
  65  5:25  Immortal  
  69  5:29  Stalker  
  71  5:36  Probe x2 (Chrono Boost)  
  71  5:38  Probe (Chrono Boost)  
  74  5:47  Probe (Chrono Boost)  
  74  5:49  Probe (Chrono Boost)  
  77  5:50  Probe (Chrono Boost)  
  64  5:57  Probe (Chrono Boost)  
  64  6:02  Probe (Chrono Boost)  
  70  6:04  Immortal  
  68  6:16  Probe (Chrono Boost)  
  68  6:17  Probe (Chrono Boost)  
  69  6:18  Probe (Chrono Boost)  
  69  6:22  Stalker  
  69  6:23  Stalker x2  
  69  6:27  Probe x2 (Chrono Boost)  
  69  6:30  Probe (Chrono Boost)  
  69  6:31  Pylon  
  70  6:34  Gateway  
  70  6:35  Gateway  
  70  6:36  Gateway  
  70  6:38  Probe (Chrono Boost)  
  71  6:47  Warp Prism  
  71  6:49  Adept x2  
  71  6:52  Probe x3  
  80  7:00  Stalker  
  82  7:02  Probe  
  82  7:03  Pylon  
  82  7:04  Probe  
  84  7:09  Stalker  
  86  7:16  Protoss Ground Weapons Level 2 (Chrono Boost)  
  86  7:18  Probe  
  86  7:19  Probe x2  
  86  7:20  Templar Archives  
  89  7:33  Stalker x4  
  89  7:35  Probe  
  89  7:36  Probe x2  
  100  7:54  Pylon  
  100  7:55  Pylon  
  100  7:56  Pylon  
  100  7:58  Pylon  
  100  7:59  Immortal  
  93  8:15  Probe  
  93  8:16  Probe x2  
  93  8:19  Adept  
  98  8:20  Adept x5  
  108  8:28  Probe  
  107  8:41  Assimilator  
  107  8:43  Assimilator  
  103  8:53  Nexus  
  103  8:54  High Templar x6  
  103  8:55  Pylon  
  115  8:56  Pylon  
  101  9:08  Immortal (Chrono Boost)  
  105  9:12  Protoss Ground Armor Level 1  
  105  9:37  High Templar x3  
  105  9:38  High Templar  
  113  9:42  Probe  
  113  9:43  Probe  
  113  9:44  Probe  
  116  9:45  Archon  
  116  9:47  Gateway  
  116  9:49  Gateway  
  116  9:52  Gateway  
  116  9:55  Probe  
  116  9:56  Probe  
  118  10:00  Stargate  
  118  10:01  Stargate  
  116  10:07  Adept x2  
  116  10:10  Probe  
  116  10:11  Probe  
  116  10:12  Probe x2  
  120  10:19  Stalker x4  
  128  10:25  Pylon  
  128  10:29  Archon  
  128  10:37  Adept  
  128  10:38  Adept  
  114  10:53  Void Ray x2 (Chrono Boost)  
  114  10:54  Fleet Beacon  
  120  11:00  Probe x2, Stalker x2  
  120  11:01  Probe x2, Stalker  
  120  11:02  Adept x3  
  136  11:12  Probe  
  136  11:13  Assimilator  
  136  11:15  Assimilator  
  137  11:30  Probe x2, Adept  
  137  11:31  Adept x2  
  145  11:33  Pylon  
  145  11:37  Stalker, Adept  
  145  11:38  Adept x2  
  139  11:56  Adept  
  139  11:57  Adept x4  
  139  11:59  Void Ray (Chrono Boost)  
  113  12:02  Void Ray (Chrono Boost)  
  89  12:10  Stalker x2  
  89  12:11  Stalker  
  88  12:20  Adept x6  
  98  12:36  Stalker x2  
  100  12:44  Stalker x5  
  104  12:45  Void Ray (Chrono Boost), Stalker  
  102  12:57  Tempest (Chrono Boost)  
  80  12:58  Adept x2  
  66  13:15  Stalker  
  66  13:16  Stalker x2  
  55  13:36  High Templar x2  
  55  13:37  Adept  
  55  13:38  Adept  
  63  13:42  Archon  
  63  13:43  Adept  
  63  13:44  Adept  
Tags
 
Add a new tag
Caveats
  • Supply blocks, unpowered buildings, or Contaminate may cause inaccurate times.
  • Supply counts are checked every 10 seconds.